[Event "Titled Tuesday Blitz April 05 Late 2022"]
[White "Ozates, Tuna"]
[Black "Ward, Ieuan C"]
[WhiteFideId "6354521"]
[BlackFideId "406627"]
[WhiteElo "1887"]
[BlackElo "2306"]
[Result "1-0"]
[Round "03"]
[TimeControl "180+1"]
[Date "2022.04.06"]
[WhiteClock "0:02:28"]
[BlackClock "0:01:42"]

1. d4 Nf6 2. Bg5 e6 3. e4 h6 4. Bxf6 Qxf6 5. Nc3 Bb4 6. e5 Qe7 7. Nf3 O-O 8. Bd3 d6 9. Qe2 dxe5 10. dxe5 Bxc3+ 11. bxc3 Nd7 12. Qe4 g6 13. Qf4 Kg7 14. h4 h5 15. g4 Qc5 16. gxh5 Qxc3+ 17. Ke2 Nc5 18. h6+ Kh7 19. Ng5+ 1-0


[Site "https://www.chess.com"]

[Event "Titled Tuesday Blitz April 05 Late 2022"]
[White "Pakleza, Zbigniew"]
[Black "Naroditsky, Daniel"]
[WhiteFideId "1119290"]
[BlackFideId "2026961"]
[WhiteElo "2467"]
[BlackElo "2608"]
[Result "1/2-1/2"]
[Round "03"]
[TimeControl "180+1"]
[Date "2022.04.05"]
[WhiteClock "0:00:46"]
[BlackClock "0:00:51"]

1. d4 Nf6 2. Nf3 g6 3. Bf4 c5 4. c3 cxd4 5. cxd4 Bg7 6. Nc3 d6 7. e3 O-O 8. Be2 Nc6 9. h3 Qb6 10. Qb3 Qxb3 11. axb3 Be6 12. Bc4 Nb4 13. Bxe6 fxe6 14. Ke2 Rfc8 15. Rhc1 h6 16. Nd2 a6 17. Nc4 Nfd5 18. Bg3 Rc6 19. Na5 Rb6 20. Na4 Rb5 21. Nc3 Rb6 22. Na4 Rb5 23. Nc3 Rb6 1/2-1/2


[Site "https://www.chess.com"]

[Event "Titled Tuesday Blitz April 05 Late 2022"]
[White "Papasimakopoulos, Alexandros"]
[Black "He, Anthony"]
[WhiteFideId "4244125"]
[BlackFideId "2088215"]
[WhiteElo "2340"]
[BlackElo "2415"]
[Result "0-1"]
[Round "03"]
[TimeControl "180+1"]
[Date "2022.04.05"]
[WhiteClock "0:00:12"]
[BlackClock "0:00:13"]

1. d4 b5 2. e4 Bb7 3. Bd3 e6 4. Qe2 a6 5. Nf3 Nf6 6. Nbd2 Be7 7. O-O d5 8. e5 Nfd7 9. c3 c5 10. Re1 Nc6 11. Nf1 g5 12. Be3 h5 13. a4 b4 14. dxc5 Nxc5 15. N1d2 g4 16. Nd4 Nxe5 17. Bc2 bxc3 18. bxc3 Rc8 19. Bf4 Ned7 20. a5 Nf6 21. N2b3 Nce4 22. Nd2 Nxc3 23. Qd3 Nce4 24. Ba4+ Kf8 25. f3 Nc5 26. Qe3 Nxa4 27. Rxa4 Qd7 28. Raa1 Rg8 29. Be5 Ke8 30. Rab1 gxf3 31. N2xf3 Ng4 32. Qb3 Ba8 33. Bg3 Bc5 34. h3 Nf6 35. Be5 Ne4 36. Kh2 f6 37. Nxe6 Qxe6 38. Bf4 Kf7 39. Rbc1 Rge8 40. Rc2 Bd6 41. Bxd6 Qxd6+ 42. Kg1 Rxc2 43. Qxc2 Qc5+ 44. Qxc5 Nxc5 45. Rc1 Nb3 46. Rc7+ Re7 47. Rc8 Bb7 48. Rb8 Nxa5 49. Nd4 Nc6 50. Nxc6 Bxc6 51. Rb6 Bb5 52. Rd6 Rd7 53. Rb6 d4 54. Kf2 d3 55. Ke1 d2+ 56. Kf2 d1=Q 0-1


[Site "https://www.chess.com"]

[Event "Titled Tuesday Blitz April 05 Late 2022"]
[White "Paravyan, David"]
[Black "Quintiliano Pinto, Renato R."]
[WhiteFideId "4194985"]
[BlackFideId "2117568"]
[WhiteElo "2569"]
[BlackElo "2439"]
[Result "1-0"]
[Round "03"]
[TimeControl "180+1"]
[Date "2022.04.05"]
[WhiteClock "0:00:13"]
[BlackClock "0:00:25"]

1. e4 c5 2. Nf3 d6 3. d4 cxd4 4. Nxd4 Nf6 5. Nc3 g6 6. Be3 Bg7 7. f3 O-O 8. Qd2 Nc6 9. O-O-O d5 10. Qe1 e5 11. Nxc6 bxc6 12. exd5 Nxd5 13. h4 h6 14. h5 g5 15. g4 Qc7 16. Bc4 Be6 17. Nxd5 cxd5 18. Bxd5 Bxd5 19. Rxd5 Qb7 20. Qa5 e4 21. Qb5 Qc8 22. Bd4 Rb8 23. Qd7 Qc4 24. b3 Qe2 25. Bxg7 Kxg7 26. Qf5 Rbe8 27. Rd7 exf3 28. Qg6+ Kh8 29. Qxh6+ Kg8 30. Qxg5+ Kh7 31. Qg6+ Kh8 32. Qf6+ Kg8 33. h6 1-0


[Site "https://www.chess.com"]

[Event "Titled Tuesday Blitz April 05 Late 2022"]
[White "Pavlidou, Ekaterini"]
[Black "Bongo Akanga Ndjila, Barthelemy"]
[WhiteFideId "4213262"]
[BlackFideId "10609431"]
[WhiteElo "2127"]
[BlackElo "1768"]
[Result "1-0"]
[Round "03"]
[TimeControl "180+1"]
[Date "2022.04.06"]
[WhiteClock "0:01:42"]
[BlackClock "0:01:52"]

1. d4 Nf6 2. c4 g6 3. Nc3 Bg7 4. e4 d6 5. Bd3 O-O 6. Nge2 e5 7. d5 a5 8. h3 Na6 9. Be3 Nc5 10. Bc2 Nfd7 11. g4 Qe7 12. Ng3 c6 13. Qd2 Rd8 14. O-O-O cxd5 15. Nxd5 Qf8 16. g5 f6 17. gxf6 Nxf6 18. Bg5 h6 19. Bxf6 Bxf6 20. Nxf6+ Qxf6 21. Qxh6 Be6 22. Nh5 Qf7 23. Rhg1 1-0


[Site "https://www.chess.com"]

[Event "Titled Tuesday Blitz April 05 Late 2022"]
[White "Perera Alfonso, Rene Humberto"]
[Black "Levin, Anthony"]
[WhiteFideId "3514722"]
[BlackFideId "30940680"]
[WhiteElo "2313"]
[BlackElo "2026"]
[Result "1-0"]
[Round "03"]
[TimeControl "180+1"]
[Date "2022.04.06"]
[WhiteClock "0:02:09"]
[BlackClock "0:00:21"]

1. e4 c5 2. Nf3 d6 3. d4 cxd4 4. Nxd4 Nf6 5. Nc3 a6 6. Be3 e5 7. Nb3 h5 8. h3 Be6 9. Qf3 Nbd7 10. O-O-O Rc8 11. Kb1 Rxc3 12. bxc3 Qc7 13. Bg5 Be7 14. Be2 O-O 15. g4 Re8 16. gxh5 Nxe4 17. Qxe4 Bxg5 18. Rhg1 Bh6 19. Bg4 d5 20. Qb4 f5 21. Be2 Nf6 22. Rg6 Ne4 23. Kb2 b6 24. f3 a5 25. Qb5 Bd7 26. Qxd5+ Kh7 27. fxe4 a4 28. Qxd7 Qxc3+ 29. Kxc3 1-0


[Site "https://www.chess.com"]

[Event "Titled Tuesday Blitz April 05 Late 2022"]
[White "Pesotskiy, Mikhail"]
[Black "Tregubov, Pavel V."]
[WhiteFideId "34164453"]
[BlackFideId "4115341"]
[WhiteElo "2010"]
[BlackElo "2341"]
[Result "1-0"]
[Round "03"]
[TimeControl "180+1"]
[Date "2022.04.06"]
[WhiteClock "0:00:08"]
[BlackClock "0:00:21"]

1. d4 Nf6 2. c4 e6 3. Nc3 Bb4 4. Qc2 c5 5. dxc5 O-O 6. a3 Bxc5 7. Nf3 d5 8. Bg5 d4 9. Bxf6 Qxf6 10. Ne4 Qe7 11. Nxc5 Qxc5 12. b4 Qd6 13. Qe4 Rd8 14. Rd1 Nc6 15. b5 Qxa3 16. bxc6 Qb4+ 17. Rd2 bxc6 18. Nxd4 Rb8 19. e3 Bb7 20. Bd3 g6 21. Nc2 Qc3 22. Ke2 c5 23. Qf4 Ba6 24. Rhd1 Rb2 25. Ne1 Rb3 26. Qh4 Rxd3 27. Nxd3 Bxc4 28. Ke1 Bxd3 29. Qd8+ Kg7 30. Qxd3 Qb4 31. Qc2 c4 32. Rc1 c3 33. Rd3 a5 34. Rxc3 Rb2 35. Qd3 a4 36. Qd4+ Qxd4 37. exd4 a3 38. Rxa3 1-0


[Site "https://www.chess.com"]

[Event "Titled Tuesday Blitz April 05 Late 2022"]
[White "Petrova, Irina"]
[Black "Swicarz, Maciej"]
[WhiteFideId "14124122"]
[BlackFideId "1113585"]
[WhiteElo "1993"]
[BlackElo "2057"]
[Result "0-1"]
[Round "03"]
[TimeControl "180+1"]
[Date "2022.04.06"]
[WhiteClock "0:00:13"]
[BlackClock "0:00:57"]

1. e4 c5 2. Nf3 d6 3. Bb5+ Nd7 4. O-O a6 5. Bxd7+ Bxd7 6. d4 cxd4 7. Qxd4 Nf6 8. a4 g6 9. c4 Bg7 10. Nc3 O-O 11. Qd3 Bc6 12. Nd4 Nd7 13. Be3 Rc8 14. Rfd1 Qa5 15. Nxc6 Rxc6 16. Nd5 Re8 17. b4 Qd8 18. b5 axb5 19. axb5 Bxa1 20. bxc6 bxc6 21. Nxe7+ Qxe7 22. Rxa1 Qxe4 23. Qxd6 Qe5 24. Rd1 Qxd6 25. Rxd6 Ne5 26. h3 Nxc4 27. Rxc6 Nxe3 28. fxe3 Rxe3 29. Kf2 Ra3 30. Rc7 h5 31. h4 Kg7 32. g3 Kf6 33. Rb7 Ke6 34. Rb6+ Kf5 35. Rb5+ Kg4 36. Rb4+ Kh3 37. Rb7 Rxg3 38. Rxf7 Kxh4 39. Rf6 g5 40. Rf5 Ra3 41. Rb5 Ra2+ 42. Kg1 g4 43. Rc5 g3 44. Rb5 Kg4 45. Rc5 h4 46. Rb5 Kh3 47. Rb1 Re2 48. Rc1 Kg4 49. Rc4+ Kf3 50. Rc3+ Re3 51. Rc1 h3 52. Rf1+ Ke2 53. Ra1 Rd3 54. Ra2+ Rd2 0-1


[Site "https://www.chess.com"]

[Event "Titled Tuesday Blitz April 05 Late 2022"]
[White "Petrovic, Aleksa"]
[Black "Leiva, Gianmarco"]
[WhiteFideId "967629"]
[BlackFideId "3804399"]
[WhiteElo "2198"]
[BlackElo "2323"]
[Result "0-1"]
[Round "03"]
[TimeControl "180+1"]
[Date "2022.04.06"]
[WhiteClock "0:00:36"]
[BlackClock "0:01:23"]

1. d4 Nf6 2. Nf3 e6 3. c4 d5 4. Nc3 a6 5. cxd5 exd5 6. Bg5 Be6 7. Qb3 Ra7 8. e3 Nbd7 9. Be2 c5 10. dxc5 d4 11. Qc2 dxc3 12. b4 a5 13. Nd4 axb4 14. c6 bxc6 15. Nxc6 Qb6 16. Nxa7 Qxa7 17. O-O Be7 18. a3 bxa3 19. Rfd1 O-O 20. Bb5 Nc5 21. h3 Bb3 22. Qxc3 Nfe4 23. Qe5 Bxg5 0-1


[Site "https://www.chess.com"]

[Event "Titled Tuesday Blitz April 05 Late 2022"]
[White "Polok, Kacper"]
[Black "Wu, Christopher"]
[WhiteFideId "1137158"]
[BlackFideId "2040875"]
[WhiteElo "2224"]
[BlackElo "2614"]
[Result "0-1"]
[Round "03"]
[TimeControl "180+1"]
[Date "2022.04.06"]
[WhiteClock "0:01:33"]
[BlackClock "0:01:32"]

1. e4 c5 2. Nc3 d6 3. g3 g6 4. Bg2 Bg7 5. d3 Nc6 6. Nf3 e6 7. Be3 Nd4 8. O-O Ne7 9. Rb1 O-O 10. Ne2 Nec6 11. Ne1 d5 12. c3 Nxe2+ 13. Qxe2 d4 14. Bd2 dxc3 15. bxc3 b6 16. Nc2 Ba6 17. c4 Nd4 18. Nxd4 Qxd4 19. Rfd1 Rad8 20. Be3 Qc3 21. Rbc1 Qa3 22. f4 Bb2 23. Rc2 Bd4 24. e5 Bxe3+ 25. Qxe3 Rd4 26. Be4 Bxc4 27. Rdd2 Rfd8 28. h4 Bxd3 29. Rc1 Qxc1+ 0-1


[Site "https://www.chess.com"]

[Event "Titled Tuesday Blitz April 05 Late 2022"]
[White "Potapova, Margarita"]
[Black "Sliwicki, Damian"]
[WhiteFideId "14126869"]
[BlackFideId "1127128"]
[WhiteElo "2216"]
[BlackElo "2084"]
[Result "1-0"]
[Round "03"]
[TimeControl "180+1"]
[Date "2022.04.06"]
[WhiteClock "0:00:31"]
[BlackClock "0:00:32"]

1. e4 c5 2. Nf3 g6 3. d4 cxd4 4. Nxd4 Nc6 5. c4 Nf6 6. Nc3 Nxd4 7. Qxd4 d6 8. Bg5 Bg7 9. Qd2 O-O 10. Be2 a5 11. O-O a4 12. Rad1 Qa5 13. h3 Be6 14. Bxf6 Bxf6 15. Nd5 Bxd5 16. exd5 Qb6 17. Rb1 Rfc8 18. Rfe1 Kg7 19. Qe3 Bd4 20. Qf3 Bxb2 21. a3 Qd4 22. Bf1 Rc7 23. Re2 Bc3 24. Re4 Qf6 25. Rf4 Qg5 26. Qxc3+ f6 27. Re4 Kf8 28. Qe3 Qf5 29. Re1 Re8 30. g4 Qd7 31. Qh6+ Kg8 32. h4 f5 33. Re6 b5 34. gxf5 gxf5 35. Bd3 Rf8 36. Kh2 Kf7 37. Qh5+ Kg7 38. Rg1+ Kh8 39. Qg5 1-0


[Site "https://www.chess.com"]

[Event "Titled Tuesday Blitz April 05 Late 2022"]
[White "Przybylski, Wojciech"]
[Black "Karttunen, Mika"]
[WhiteFideId "1117599"]
[BlackFideId "502081"]
[WhiteElo "2133"]
[BlackElo "2343"]
[Result "0-1"]
[Round "03"]
[TimeControl "180+1"]
[Date "2022.04.06"]
[WhiteClock "0:00:06"]
[BlackClock "0:00:27"]

1. e4 c5 2. Nf3 d6 3. d4 cxd4 4. Nxd4 Nf6 5. Nc3 a6 6. h3 e5 7. Nde2 h5 8. Nd5 Nxd5 9. Qxd5 Nc6 10. Be3 Be6 11. Qd2 d5 12. exd5 Qxd5 13. Qxd5 Bxd5 14. Nc3 Bb4 15. O-O-O Be6 16. Nd5 Ba5 17. Nb6 Bxb6 18. Bxb6 Rc8 19. a3 O-O 20. Be2 Bf5 21. c3 g6 22. g4 hxg4 23. hxg4 Be6 24. Be3 Na5 25. Bh6 Rfd8 26. Bg5 Rxd1+ 27. Rxd1 Kg7 28. Bf3 f6 29. Be3 Kf7 30. Bb6 Nc4 31. Ba7 Rc7 32. Bb8 Re7 33. Bd6 Rd7 34. Bc5 Rc7 35. Ba7 b5 36. Be3 a5 37. Be2 Nxe3 38. fxe3 b4 39. axb4 axb4 40. Kc2 b3+ 41. Kc1 Ra7 42. Rd6 Ra1+ 43. Kd2 Rb1 44. Rb6 Rxb2+ 45. Kd1 Rb1+ 46. Kd2 f5 47. gxf5 gxf5 48. Bd3 Rg1 49. c4 e4 50. Rb7+ Kf6 51. Be2 Rg2 52. Rb4 b2 53. Ke1 Rg1+ 54. Bf1 b1=Q+ 55. Rxb1 Bxc4 56. Kf2 Rxf1+ 57. Rxf1 Bxf1 58. Kxf1 Kg5 59. Kf2 Kh4 60. Kg2 Kg4 61. Kf2 Kh3 62. Kf1 Kg3 63. Ke2 Kg2 64. Ke1 Kf3 65. Kd2 Kf2 66. Kd1 Kxe3 67. Ke1 f4 0-1


[Site "https://www.chess.com"]

[Event "Titled Tuesday Blitz April 05 Late 2022"]
[White "Ricaurte Lopez, Juan Carlos"]
[Black "Weber, Samuel"]
[WhiteFideId "3600327"]
[BlackFideId "12924008"]
[WhiteElo "2209"]
[BlackElo "2215"]
[Result "1-0"]
[Round "03"]
[TimeControl "180+1"]
[Date "2022.04.06"]
[WhiteClock "0:00:50"]
[BlackClock "0:01:09"]

1. e4 e5 2. d4 exd4 3. c3 d3 4. Bxd3 Nc6 5. f4 Nf6 6. e5 Nd5 7. Nf3 Bc5 8. Qe2 h6 9. Qe4 Nde7 10. b4 d6 11. bxc5 d5 12. Qe3 O-O 13. O-O Be6 14. Nd4 Nxd4 15. cxd4 Qd7 16. Nc3 c6 17. Rb1 g6 18. f5 Bxf5 19. Bxf5 Nxf5 20. Qh3 h5 21. Bg5 Qe6 22. Ne2 b6 23. cxb6 axb6 24. Rxb6 Rxa2 25. Nf4 Qc8 26. Bf6 h4 27. Qg4 Ne3 28. Qxh4 1-0


[Site "https://www.chess.com"]

[Event "Titled Tuesday Blitz April 05 Late 2022"]
[White "Rorrer, Grayson"]
[Black "Morris-Suzuki, Sophie"]
[WhiteFideId "30944996"]
[BlackFideId "30922615"]
[WhiteElo "2122"]
[BlackElo "2506"]
[Result "0-1"]
[Round "03"]
[TimeControl "180+1"]
[Date "2022.04.06"]
[WhiteClock "0:00:03"]
[BlackClock "0:00:08"]

1. e4 c5 2. Nf3 e6 3. d4 cxd4 4. Nxd4 Nc6 5. Nc3 a6 6. Be3 Nf6 7. Qf3 Ne5 8. Qg3 d6 9. O-O-O h5 10. f4 h4 11. Qe1 Neg4 12. Bg1 Nh5 13. f5 b5 14. Kb1 Bd7 15. Be2 Ne5 16. Be3 b4 17. g4 Nf6 18. g5 Nfg4 19. g6 Nxe3 20. gxf7+ Kxf7 21. fxe6+ Bxe6 22. Qf2+ Ke7 23. Qxe3 bxc3 24. Nxe6 Kxe6 25. Qh3+ Ke7 26. Qxc3 Rc8 27. Qd4 Qc7 28. c3 Qc5 29. Qd2 Rh6 30. Qg5+ Rf6 31. Rhf1 Nf7 32. Qxh4 Qg5 33. Qh3 Rb8 34. Rxf6 gxf6 35. Qd3 Qb5 36. Qd2 Qb7 37. Bd3 Ne5 38. b3 Nxd3 39. Qxd3 Qc7 40. c4 Kd7 41. Qh3+ Kd8 42. Qf5 Qe7 43. h4 Qe5 44. Qf3 Be7 45. Rd5 Qe6 46. h5 Kd7 47. h6 Rh8 48. Rh5 Qf7 49. Qf5+ Qe6 50. Qf3 Qf7 51. Qh3+ Ke8 52. Qc8+ Bd8 53. Qxa6 Qxh5 54. Qxd6 Be7 55. Qe6 Qf7 56. Qc8+ Bd8 57. Qc6+ Qd7 58. Qc5 Rxh6 0-1


[Site "https://www.chess.com"]

[Event "Titled Tuesday Blitz April 05 Late 2022"]
[White "Rottenwohrer Suarez, Juan"]
[Black "Clawitter, Craig"]
[WhiteFideId "32068182"]
[BlackFideId "2023105"]
[WhiteElo "2158"]
[BlackElo "2233"]
[Result "1-0"]
[Round "03"]
[TimeControl "180+1"]
[Date "2022.04.06"]
[WhiteClock "0:00:08"]
[BlackClock "0:00:02"]

1. d4 e6 2. c4 Nf6 3. Nc3 d5 4. cxd5 exd5 5. Bg5 c6 6. Qc2 Be7 7. e3 Nbd7 8. Bd3 O-O 9. Nge2 Re8 10. O-O Nf8 11. Rab1 a5 12. a3 g6 13. b4 axb4 14. axb4 b5 15. Rfc1 Ne6 16. Bh4 Ng7 17. Nd1 Bd7 18. f3 Nf5 19. Bf2 Nd6 20. e4 Nc4 21. Bxc4 bxc4 22. h3 Ra3 23. Ndc3 Qa8 24. b5 cxb5 25. e5 Bf5 26. Qd2 Nh5 27. Rxb5 Be6 28. g4 Ng7 29. Nf4 Rb8 30. Rxb8+ Qxb8 31. Ncxd5 Bg5 32. h4 Bxd5 33. hxg5 Bxf3 34. Rxc4 Bxg4 35. Nd5 Ra1+ 36. Rc1 1-0


[Site "https://www.chess.com"]

[Event "Titled Tuesday Blitz April 05 Late 2022"]
[White "Rytenko, Vsevolod"]
[Black "Kamsky, Gata"]
[WhiteFideId "14133040"]
[BlackFideId "2000024"]
[WhiteElo "2120"]
[BlackElo "2645"]
[Result "0-1"]
[Round "03"]
[TimeControl "180+1"]
[Date "2022.04.05"]
[WhiteClock "0:01:07"]
[BlackClock "0:00:56"]

1. d4 f5 2. Nc3 Nf6 3. Bg5 d5 4. Bxf6 exf6 5. e3 Be6 6. Bd3 Nc6 7. h4 h5 8. Nh3 Bd6 9. Qf3 g6 10. Nf4 Bxf4 11. Qxf4 a6 12. f3 Qd6 13. Qxd6 cxd6 14. a3 Bf7 15. Ne2 b5 16. Kd2 Kd7 17. Nf4 Ne7 18. Rag1 Rh6 19. g4 hxg4 20. fxg4 fxg4 21. Rxg4 g5 22. Ne2 Rah8 23. a4 Rxh4 24. Rgxh4 Rxh4 25. Rxh4 gxh4 26. axb5 a5 27. Nf4 Kc7 28. Ke2 Kb6 29. Kf3 Be8 30. Kg4 Bxb5 31. Kxh4 Bxd3 32. Nxd3 Nf5+ 33. Kh5 Nxe3 34. Kg6 Nxc2 35. Kxf6 Nxd4 36. Ke7 Kc6 37. Nf4 Nb3 38. Ke6 Nc5+ 39. Kf5 d4 40. Ne2 Kd5 41. Kf4 Nd3+ 0-1


[Site "https://www.chess.com"]

[Event "Titled Tuesday Blitz April 05 Late 2022"]
[White "Sadovsky, Artem"]
[Black "Zhigalko, Sergei"]
[WhiteFideId "4155840"]
[BlackFideId "13502956"]
[WhiteElo "2314"]
[BlackElo "2662"]
[Result "0-1"]
[Round "03"]
[TimeControl "180+1"]
[Date "2022.04.06"]
[WhiteClock "0:00:02"]
[BlackClock "0:00:39"]

1. c4 e5 2. g3 Nf6 3. Bg2 c6 4. Nf3 d6 5. O-O Be7 6. c5 O-O 7. cxd6 Qxd6 8. d3 h6 9. Nbd2 Nbd7 10. Nc4 Qc7 11. Nfxe5 Nxe5 12. Bf4 Nfd7 13. d4 Bf6 14. dxe5 Nxe5 15. Qc2 Be6 16. Nxe5 Bxe5 17. Bxe5 Qxe5 18. Rad1 Rad8 19. a3 Qb5 20. b4 a5 21. Rb1 a4 22. Bf3 Bf5 23. e4 Be6 24. Be2 Qe5 25. f4 Qd4+ 26. Rf2 Bb3 27. Qb2 Qxe4 28. Bf3 Qe3 29. Kg2 Rd3 30. Rbf1 Rfd8 31. Qe5 Qxe5 32. fxe5 Be6 33. b5 cxb5 34. Bxb7 Rxa3 35. Bc6 Rb3 36. Rf4 a3 37. Ra1 b4 38. Raf1 Rb2+ 39. R1f2 Rxf2+ 40. Rxf2 a2 0-1


[Site "https://www.chess.com"]

[Event "Titled Tuesday Blitz April 05 Late 2022"]
[White "Saldano Dayer, Horacio"]
[Black "Baker, Chris W"]
[WhiteFideId "103411"]
[BlackFideId "401676"]
[WhiteElo "2419"]
[BlackElo "2152"]
[Result "1-0"]
[Round "03"]
[TimeControl "180+1"]
[Date "2022.04.06"]
[WhiteClock "0:01:49"]
[BlackClock "0:01:30"]

1. Nf3 Nf6 2. g3 d5 3. Bg2 c6 4. O-O Bf5 5. d3 h6 6. Nbd2 e6 7. b3 Be7 8. Bb2 Nbd7 9. Qe1 Bh7 10. e4 O-O 11. Qe2 a5 12. a4 Re8 13. e5 Nh5 14. Nd4 g6 15. f4 Ng7 16. g4 f5 17. h3 Qb6 18. Kh1 c5 19. Nb5 d4 20. Nc4 Rf8 21. Nxb6 1-0


[Site "https://www.chess.com"]

[Event "Titled Tuesday Blitz April 05 Late 2022"]
[White "Sanchez Alvares, Kelvin Antonio"]
[Black "Dimakiling, Oliver"]
[WhiteFideId "3906680"]
[BlackFideId "5202248"]
[WhiteElo "2193"]
[BlackElo "2426"]
[Result "1/2-1/2"]
[Round "03"]
[TimeControl "180+1"]
[Date "2022.04.06"]
[WhiteClock "0:00:05"]
[BlackClock "0:00:36"]

1. e4 c5 2. Nf3 Nc6 3. d4 cxd4 4. Nxd4 Nf6 5. Nc3 d6 6. f3 Bd7 7. Be3 a6 8. Bc4 e6 9. Bb3 Na5 10. g4 Rc8 11. g5 Nh5 12. f4 g6 13. Qe2 Qc7 14. O-O-O Nc4 15. Bxc4 Qxc4 16. Qxc4 Rxc4 17. Rhe1 Bg7 18. Nce2 e5 19. Nb3 Rxe4 20. Nc3 Rxe3 21. Rxe3 Nxf4 22. Rxd6 Ke7 23. Rd2 h6 24. h4 hxg5 25. hxg5 Rh5 26. Rg3 b6 27. Nd5+ Nxd5 28. Rxd5 Bf5 29. a4 Be6 30. Rd1 a5 31. Nd2 Rh4 32. b3 e4 33. Re1 Be5 34. Rge3 Bf4 35. Rxe4 Bxg5 36. Rxh4 Bxh4 37. Nf3 Bxe1 38. Nxe1 f5 39. Kd2 g5 40. Ke3 Bd5 41. c4 f4+ 42. Kd4 Ba8 43. Ke5 Kd7 44. Nd3 Bf3 45. Kf5 Bd1 46. Kxg5 Bxb3 47. c5 Bc2 48. Ne5+ Ke6 49. cxb6 Be4 50. Kxf4 Bb7 51. Nc4 Ba6 52. Nxa5 Kd7 53. b7 Kc7 54. Ke5 Bxb7 55. Nxb7 Kxb7 56. Kd5 Ka6 57. Kc4 Ka5 58. Kc5 Kxa4 1/2-1/2


[Site "https://www.chess.com"]

[Event "Titled Tuesday Blitz April 05 Late 2022"]
[White "Sanchez, Robert"]
[Black "Reprintsev, Alexander"]
[WhiteFideId "2034360"]
[BlackFideId "14100541"]
[WhiteElo "2333"]
[BlackElo "2108"]
[Result "1-0"]
[Round "03"]
[TimeControl "180+1"]
[Date "2022.04.06"]
[WhiteClock "0:00:44"]
[BlackClock "0:01:04"]

1. e4 d5 2. exd5 Qxd5 3. Nc3 Qa5 4. Nf3 Nf6 5. Be2 Nc6 6. O-O Bg4 7. h3 Bh5 8. a3 e6 9. d3 O-O-O 10. Bd2 Qc5 11. b4 Qe7 12. b5 Bxf3 13. bxc6 Bxc6 14. Rb1 h6 15. Bf3 Bxf3 16. Qxf3 Nd5 17. Nxd5 exd5 18. Rfe1 Qd7 19. c4 Bc5 20. Rb5 b6 21. a4 c6 22. Rbb1 Rhe8 23. Bf4 g5 24. Bg3 Kb7 25. a5 f5 26. Be5 f4 27. axb6 axb6 28. d4 Bf8 29. c5 b5 30. Ra1 Ra8 31. Rab1 Bg7 32. Bxg7 Qxg7 33. Rxe8 Rxe8 34. Rxb5+ cxb5 35. Qxd5+ Kc7 36. Qd6+ Kc8 37. Qc6+ Kd8 38. d5 Qc7 39. Qxb5 Re1+ 40. Kh2 f3+ 41. d6 Qa7 42. c6 fxg2 43. c7+ Kc8 44. Qf5+ 1-0


[Site "https://www.chess.com"]

[Event "Titled Tuesday Blitz April 05 Late 2022"]
[White "Sapunov, Evgeny"]
[Black "Demchenko, Anton"]
[WhiteFideId "4126661"]
[BlackFideId "4160258"]
[WhiteElo "2470"]
[BlackElo "2539"]
[Result "0-1"]
[Round "03"]
[TimeControl "180+1"]
[Date "2022.04.05"]
[WhiteClock "0:00:48"]
[BlackClock "0:00:16"]

1. c4 Nf6 2. Nf3 d6 3. d4 Nbd7 4. Nc3 e5 5. e4 c6 6. Be2 Be7 7. O-O Qc7 8. Qc2 Nf8 9. Rd1 Ng6 10. h3 O-O 11. Be3 a5 12. Rac1 h6 13. Bf1 Re8 14. c5 exd4 15. cxd6 Bxd6 16. Bxd4 Qe7 17. Re1 Ne5 18. Nxe5 Bxe5 19. Bxe5 Qxe5 20. Qd2 g5 21. Rcd1 Be6 22. Qd4 Qxd4 23. Rxd4 Red8 24. Red1 Rxd4 25. Rxd4 Nd7 26. g3 Ne5 27. Kg2 Ng6 28. Kf3 b5 29. Ke3 b4 30. Na4 Bxa2 31. Nc5 Nf8 32. Rd6 Rc8 33. Ba6 Rc7 34. b3 Ne6 35. Nxe6 fxe6 36. Bc4 a4 37. Bxe6+ Kf8 38. bxa4 Ke7 39. Bxa2 Kxd6 40. f4 gxf4+ 41. gxf4 Rg7 42. e5+ Kc7 43. Bc4 b3 44. Kd2 b2 45. Kc2 Rg2+ 46. Kb1 Rf2 47. Bb3 Rxf4 48. Kxb2 Rf2+ 49. Ka3 Rf3 50. h4 Rh3 51. a5 Rxh4 52. e6 Re4 0-1


[Site "https://www.chess.com"]

[Event "Titled Tuesday Blitz April 05 Late 2022"]
[White "Sarana, Alexey"]
[Black "Smirnov, Pavel"]
[WhiteFideId "24133795"]
[BlackFideId "4123425"]
[WhiteElo "2666"]
[BlackElo "2539"]
[Result "1-0"]
[Round "03"]
[TimeControl "180+1"]
[Date "2022.04.05"]
[WhiteClock "0:01:21"]
[BlackClock "0:00:10"]

1. d4 Nf6 2. c4 e6 3. Nc3 Bb4 4. e3 O-O 5. Bd3 d5 6. a3 Bxc3+ 7. bxc3 dxc4 8. Bxc4 c5 9. Ne2 Qc7 10. Bd3 Nc6 11. O-O e5 12. Ng3 Re8 13. f4 exf4 14. Rxf4 Nd5 15. Bxh7+ Kf8 16. Rh4 Nxe3 17. Qf3 cxd4 18. cxd4 Bg4 19. Rxg4 Nxg4 20. Qxg4 Re1+ 21. Nf1 Qb6 22. Bh6 Rxa1 23. Qxg7+ Ke7 24. Bg5+ Ke6 25. Qf6+ Kd7 26. Bf5+ Ke8 27. Qh8# 1-0


[Site "https://www.chess.com"]

[Event "Titled Tuesday Blitz April 05 Late 2022"]
[White "Sarkar, Justin"]
[Black "Chernobay, Artem"]
[WhiteFideId "2010011"]
[BlackFideId "4167406"]
[WhiteElo "2038"]
[BlackElo "2473"]
[Result "0-1"]
[Round "03"]
[TimeControl "180+1"]
[Date "2022.04.06"]
[WhiteClock "0:00:02"]
[BlackClock "0:00:05"]

1. e4 c5 2. Nf3 d6 3. d4 cxd4 4. Nxd4 Nf6 5. Nc3 a6 6. Bg5 Nbd7 7. Bc4 Qb6 8. Qd2 Qxb2 9. Rb1 Qa3 10. O-O Qc5 11. Bb3 e6 12. Kh1 h6 13. Be3 Qh5 14. f3 b5 15. Bxe6 fxe6 16. Nxe6 Kf7 17. Nd8+ Kg8 18. a4 Qe8 19. Nc6 Nc5 20. axb5 axb5 21. Nd4 Ba6 22. Ncxb5 Qf7 23. c4 Qxc4 24. Nc7 Rc8 25. Rfc1 Qa4 26. Ra1 Nb3 27. Rxa4 Nxd2 28. Bxd2 Bb7 29. Rb4 Ba8 30. Rbb1 d5 31. Nxa8 Rxa8 32. e5 Nd7 33. f4 Kh7 34. Ne6 Be7 35. Nc7 Rac8 36. Nxd5 Rxc1+ 37. Rxc1 Bc5 38. Nc7 Rb8 39. Ne6 Ba7 40. g3 Rb2 41. Rd1 Nb6 42. Bc3 Rc2 43. Bd4 Ra2 44. Ra1 Rxa1+ 45. Bxa1 Nc4 46. Nd8 Bb6 0-1


[Site "https://www.chess.com"]

[Event "Titled Tuesday Blitz April 05 Late 2022"]
[White "Sebag, Marie"]
[Black "Abdyzhapar, Asylbek"]
[WhiteFideId "617822"]
[BlackFideId "13800337"]
[WhiteElo "2440"]
[BlackElo "2331"]
[Result "0-1"]
[Round "03"]
[TimeControl "180+1"]
[Date "2022.04.05"]
[WhiteClock "0:00:37"]
[BlackClock "0:00:10"]

1. e4 d6 2. d4 Nf6 3. Nc3 g6 4. Be3 Bg7 5. Bd3 Ng4 6. Nf3 Nxe3 7. fxe3 O-O 8. O-O Nd7 9. Ne2 c5 10. c3 b6 11. Qe1 Bb7 12. Qh4 e6 13. Qh3 Nf6 14. Ng3 h5 15. Rae1 e5 16. d5 Bc8 17. Nf5 gxf5 18. Qh4 fxe4 19. Bxe4 Nxe4 20. Qxe4 f5 21. Qc2 e4 22. Nd2 b5 23. a4 a6 24. Rf2 Bd7 25. Nf1 Qg5 26. Ng3 Be5 27. Qd2 bxa4 28. Ne2 Rab8 29. Nf4 h4 30. Ref1 Rb3 31. Ne6 Bxe6 32. dxe6 Qe7 33. Qd5 Qb7 34. Qd1 Rxb2 35. Rxf5 Rxf5 36. Qg4+ Qg7 37. e7 Rxf1+ 38. Kxf1 Qxg4 0-1


[Site "https://www.chess.com"]